 Dungeon Crawl Stone Soup version 0.31-a0-154-g56bf346678 (webtiles) character file.

Game seed: 2790604303877814692

1540 jasper the Grasshopper (level 8, 0/39 HPs)
             Began as a Spriggan Conjurer on June 11, 2023.
             Slain by a sixfirhy (11 damage)
             ... summoned by a kobold demonologist
             ... on level 5 of the Dungeon.
             The game lasted 00:07:39 (4796 turns).

jasper the Grasshopper (Spriggan Conjurer)          Turns: 4796, Time: 00:07:39

Health: 0/39       AC:  2    Str:  3    XL:     8   Next: 56%
Magic:  1/13       EV: 19    Int: 21    God:
Gold:   171        SH:  0    Dex: 14    Spells: 2/13 levels left

rFire   . . .        o - +7 rapier "Giant's Doom" {venom, rC++}
rCold   + + .        (no shield)
rNeg    . . .        a - +0 robe
rPois   .            (helmet restricted)
rElec   .            (no cloak)
rCorr   .            (gloves unavailable)
SInv    +            (boots unavailable)
Will    +....        (no amulet)
Stlth   ++           k - +4 ring of slaying
HPRegen 0.26/turn    (no ring)
MPRegen 0.13/turn

%: no passive effects
@: very quick
A: very small, no large weapons, unfitting armour, see invisible, speed 3
a: no special abilities


You were on level 5 of the Dungeon.
You visited 1 branch of the dungeon, and saw 5 of its levels.
You also visited: Sewer.

You collected 171 gold pieces.

Inventory:

Hand Weapons
 b - a +0 short sword of flaming
 f - a +0 dagger
 o - the +7 rapier "Giant's Doom" (weapon) {venom, rC++}
   (You took it off a kobold in a sewer)

   rC:        It greatly protects you from cold.
Missiles
 j - 16 poisoned darts
 l - 2 atropa-tipped darts
Armour
 a - a +0 robe (worn)
Magical Staves
 t - a staff of fire
Jewellery
 h - the amulet of Elemental Vulnerability {rPois rF-- rC-- AC+8}
   (You found it on level 2 of the Dungeon)

   [amulet of nothing]

   AC:        It affects your AC (+8).
   rF:        It makes you very vulnerable to fire.
   rC:        It makes you very vulnerable to cold.
   rPois:     It protects you from poison.
 k - a +4 ring of slaying (left hand)
Scrolls
 g - 2 scrolls of fear
 i - 2 scrolls of noise
 s - a scroll of teleportation
 w - a scroll of magic mapping
Potions
 c - 3 potions of curing
 d - 2 potions of mutation
 e - a potion of resistance
 m - a potion of might {unknown}
 p - 3 potions of heal wounds {unknown}
 q - 2 potions of invisibility {unknown}
 r - a potion of brilliance {unknown}
 v - a potion of attraction {unknown}


   Skills:
 + Level 2.7 Fighting
 + Level 5.4 Dodging
 - Level 3.0 Stealth
 - Level 3.0 Spellcasting
 - Level 6.0 Conjurations
 * Level 5.3 Hexes
 * Level 6.3 Translocations


You had 2 spell levels left.
You knew the following spells:

 Your Spells              Type           Power      Damage    Failure   Level
a - Magic Dart            Conj           100%       1d8       1%          1
b - Searing Ray           Conj           56%        2d6       1%          2
c - Fulminant Prism       Conj/Hex       13%        3d8       13%         4
d - Iskenderun's Mystic   Conj/Tloc      29%        2d7       11%         4

Your spell library contained the following spells:

 Spells                   Type           Power      Damage    Failure   Level
 Kiss of Death            Conj/Necr      60%        2d10      3%          1
 Freeze                   Ice            12%        1d3       13%         1
 Dazzling Flash           Conj/Hex       52%        N/A       3%          3
 Confusing Touch          Hex            25%        N/A       4%          3
 Hailstorm                Conj/Ice       15%        3d5       12%         3
 Frozen Ramparts          Ice            6%         1d1       36%         3
 Dispel Undead            Necr           3%         3d7       78%         4


Dungeon Overview and Level Annotations

Branches:
Dungeon (5/15)              Sewer (visited)
 Temple: D:4-7

Altars:
Fedhas


Innate Abilities, Weirdness & Mutations

You are very small and have problems with some larger weapons.
You are too small for most types of armour.
You have supernaturally acute eyesight. (SInv)
You cover ground extremely quickly. (Speed+++)


Message History

The kobold demonologist looks satisfied for a moment.
The kobold demonologist looks braver for a moment.
You puncture the kobold demonologist!
The kobold demonologist is moderately wounded.
The kobold demonologist gestures wildly while chanting.
You puncture the kobold demonologist!
The kobold demonologist is poisoned.
The kobold demonologist is heavily wounded.
The kobold demonologist misses you.
You hit the kobold demonologist.
The kobold demonologist looks as sick as possible!
The kobold demonologist is heavily wounded.
The kobold demonologist completely misses you.
The hellwing closely misses you. x2
You hit the kobold demonologist.
The kobold demonologist is heavily wounded.
The kobold demonologist hits you with a +0 dagger.
The hellwing misses you. The hellwing hits you.
You take 8 damage, and have 31/39 hp.
MASSIVE DAMAGE!!
You hit the kobold demonologist.
The kobold demonologist looks as sick as possible!
The kobold demonologist is heavily wounded.
The kobold demonologist barely misses you.
The hellwing misses you. The hellwing hits you!
The kobold demonologist casts a spell.
You take 8 damage, and have 23/39 hp.
MASSIVE DAMAGE!!
Casting: Searing Ray (safe; 1% risk of failure)
Confirm with . or Enter, or press ? or * to list all spells.
Aiming: Searing Ray (safe; 1% risk of failure)
Press: ? - help, Shift-Dir - straight line, f - kobold demonologist
Aim: a kobold demonologist, wielding a +0 dagger and wearing a +0 robe (severely wounded, extremely poisoned, 71% to hit)
The searing ray misses the kobold demonologist. (Press . to maintain the ray.)
The hellwing completely misses you. The hellwing hits you.
The kobold demonologist mumbles some strange words.
You take 3 damage, and have 20/39 hp.
You now have 2/13 mp.
The searing ray misses the kobold demonologist.
The hellwing misses you. The hellwing hits you. The sixfirhy hits you!
* * * LOW HITPOINT WARNING * * *
The sixfirhy shocks you!
You die...

########### #
#!........# .#
#.........# ..
#.........# #.
#.........# #.##
#.......5.# #..##
#.).......#
..))#####.).....@K#
##....†)).......34......
#)######.........#.####
#.# #.........# # #.#
#.........# #.#
########### #.# #)# #.#


You could see a hellwing (summoned), a kobold demonologist (extremely poisoned),
a sixfirhy (summoned) and a shadow imp (summoned).

Vanquished Creatures
  Grinder (Sewer)
  A phantom (D:4)
  A kobold brigand (Sewer)
  A gnoll sergeant (D:5)
  5 necrophages
  2 scorpions
  A wight (Sewer)
  2 howler monkeys
  A centaur zombie (D:4)
  A gnoll bouda (D:4)
  2 hounds
  4 iguanas
  3 orc wizards (D:5)
  11 gnolls
  3 adders
  2 shadow imps (Sewer)
  A white imp (D:5)
  6 ufetubi (Sewer)
  3 adder zombies
  2 worms
  2 dart slugs
  7 orcs
  6 bats
  An endoplasm (D:3)
  2 giant cockroaches (D:3)
  9 goblins
  4 hobgoblins
  5 quokkas
  10 ball pythons
  3 frilled lizards
  26 kobolds
  5 kobold zombies (Sewer)
  4 rats
137 creatures vanquished.

Vanquished Creatures (others)
  2 fulminant prisms
2 creatures vanquished.

Grand Total: 139 creatures vanquished

Notes
Turn   | Place    | Note
-------+----------+-------------------------------------------
     0 | D:1      | jasper the Spriggan Conjurer began the quest for the Orb.
     0 | D:1      | Reached XP level 1. HP: 9/9 MP: 5/5
   284 | D:1      | Reached XP level 2. HP: 10/13 MP: 1/7
   423 | D:1      | You fall into a shaft and drop 1 floor!
   423 | D:2      | Found the amulet of Elemental Vulnerability {rPois rF--
                  | rC-- AC+8}
  1081 | D:2      | Reached XP level 3. HP: 16/16 MP: 6/8
  1084 | D:2      | Learned a level 2 spell: Searing Ray
  1635 | D:3      | Found a glowing drain.
  1647 | Sewer    | Entered a sewer
  1916 | Sewer    | Reached XP level 4. HP: 20/21 MP: 1/9
  2160 | Sewer    | Reached XP level 5. HP: 24/24 MP: 5/10
  2394 | Sewer    | Reached skill level 5 in Conjurations
  2450 | Sewer    | Found an ancient bone altar of Kikubaaqudgha.
  2477 | Sewer    | Identified the +7 rapier "Giant's Doom" {venom, rC++}
  2543 | Sewer    | Reached XP level 6. HP: 28/28 MP: 2/11
  2639 | Sewer    | Noticed Grinder
  2649 | Sewer    | Killed Grinder
  2650 | Sewer    | Reached skill level 1 in Fighting
  2655 | Sewer    | Learned a level 4 spell: Fulminant Prism
  2660 | Sewer    | Learned a level 4 spell: Iskenderun's Mystic Blast
  3195 | D:3      | Reached XP level 7. HP: 18/33 MP: 5/12
  3473 | D:4      | Reached skill level 1 in Hexes
  3473 | D:4      | Reached skill level 1 in Translocations
  4092 | D:4      | Found a blossoming altar of Fedhas.
  4122 | D:4      | Reached XP level 8. HP: 32/39 MP: 3/13
  4498 | D:4      | Reached skill level 5 in Translocations
  4593 | D:5      | Entered Level 5 of the Dungeon
  4689 | D:5      | Reached skill level 5 in Dodging
  4746 | D:5      | Reached skill level 5 in Hexes
  4784 | D:5      | Noticed a kobold demonologist
  4791 | D:5      | Noticed a hellwing
  4795 | D:5      | Noticed a sixfirhy
  4796 | D:5      | Slain by a sixfirhy

Illustrated notes

Levels and vault maps discovered:
D:1:      minmay_arrival_arboretum_large, layout_loops_ring, st_stairs_7
D:2:      layout_basic, hangedman_abyss_or_decor_stabs, nrook_mini_vaults
D:3:      layout_rooms, cheibrodos_sewer_entry_drain,
          nicolae_concentric_dashed_squares_mild, eino_tiny_chamber
D:4:      layout_rooms, fedhas_altar_decomposition
D:5:      layout_basic

Skill      XL: |  1  2  3  4  5  6  7  8 |
---------------+-------------------------+-----
Conjurations   | 3 4 5 6 |  6.0
Spellcasting   | 3 |  3.0
Fighting       | 1 2 |  2.7
Dodging        | 3 4 5 |  5.4
Hexes          | 3 5 |  5.3
Translocations | 4 6 |  6.3
Stealth        | |  3.0

Action                     |  1- 3 |  4- 6 |  7- 9 || total
---------------------------+-------+-------+-------++-------
  Melee: Unarmed           |     9 |       |       ||     9
         Dagger            |    14 |     4 |       ||    18
         Rapier            |       |     4 |    60 ||    64
         Punch             |       |       |     3 ||     3
   Cast: Magic Dart        |    67 |    56 |    46 ||   169
         Searing Ray       |     4 |    12 |    19 ||    35
         Fulminant Prism   |       |       |     2 ||     2
    Use: Scroll            |     4 |       |     6 ||    10
         Potion            |       |     1 |       ||     1
 Armour: Robe              |     3 |     4 |     2 ||     9
  Dodge: Dodged            |    21 |    54 |    73 ||   148

Table legend: (Time is in decaauts)
 A = Elapsed time spent in this place.
 B = Non-inter-level travel time spent in this place.
 C = Inter-level travel time spent in this place.
 D = Time resting spent in this place.
 E = Time spent auto-exploring this place.
 F = Levels seen in this place.
 G = Mean time per level.
                   A        B        C        D        E       F      G
               +--------+--------+--------+--------+--------+-----+--------+
         Total |   3932 |   3868 |     64 |    182 |   3009 |   6 |  655.3 |
       Dungeon |   2884 |   2820 |     64 |    182 |   2192 |   5 |  576.8 |
         Sewer |   1048 |   1048 |      0 |      0 |    817 |   1 | 1048.0 |
               +--------+--------+--------+--------+--------+-----+--------+

Top non-repeatable levels by time:
   Sewer: 1048 daAuts
     D:4: 876 daAuts
     D:2: 768 daAuts
     D:3: 720 daAuts
     D:1: 344 daAuts
     D:5: 174 daAuts
